 Dungeon Crawl Stone Soup version 0.27.0-1-g7a089689b8 (webtiles) character file.

Game seed: 8931507737577807866

14 sanka the Sneak (level 2, 0/15 HPs)
             Began as a Gargoyle Enchanter on Aug 15, 2021.
             Slain by a hobgoblin (1 damage)
             ... on level 1 of the Dungeon.
             The game lasted 00:01:28 (919 turns).

sanka the Sneak (Gargoyle Enchanter)                 Turns: 919, Time: 00:01:29

Health: 0/15       AC:  4    Str: 11    XL:     2   Next: 45%
Magic:  4/5        EV: 12    Int: 15    God:
Gold:   20         SH:  0    Dex: 10    Spells: 4/5 levels left

rFire    . . .     SeeInvis .   a - +1 dagger
rCold    . . .     Faith    .   (no shield)
rNeg     + . .     Spirit   .   b - +0 robe
rPois    ∞         Reflect  .   (no helmet)
rElec    +         Harm     .   (no cloak)
rCorr    .         Rampage  .   (no gloves)
Will     .....                  (no boots)
Stlth    ++........             (no amulet)
HPRegen  0.05/turn              (no ring)
MPRegen  0.09/turn              (no ring)

@: no status effects
A: sickness immunity, AC +2, negative energy resistance 1, electricity
resistance, torment resistance 1, petrification resistance
a: no special abilities


You were on level 1 of the Dungeon.
You visited 1 branch of the dungeon, and saw 1 of its levels.

You collected 20 gold pieces.


Innate Abilities, Weirdness & Mutations

You are immune to sickness and miasma.
Your stone body is resilient. (AC +2)
You are immune to poison.
You resist negative energy. (rN+)
You are resistant to electric shocks. (rElec)
You are resistant to unholy torment.
You are immune to petrification.


   Skills:
 - Level 0.8 Short Blades
 + Level 2.4 Dodging
 - Level 3.2 Stealth
 - Level 2.0 Spellcasting
 - Level 2.6 Hexes


You had 4 spell levels left.
You knew the following spells:

 Your Spells              Type           Power      Damage    Failure   Level
Z - Corona                Hex            10%        N/A       8%          1

Your spell library contained the following spells:

 Spells                   Type           Power      Damage    Failure   Level
 Ensorcelled Hibernation  Hex/Ice        10%        N/A       19%         2
 Confusing Touch          Hex            9%         N/A       22%         3
 Tukima's Dance           Hex            9%         N/A       22%         3
 Dazzling Flash           Conj/Hex       10%        N/A       36%         3

Inventory:

Hand Weapons
 a - a +1 dagger (weapon)
Armour
 b - a +0 robe (worn)

Dungeon Overview and Level Annotations

Branches:
Dungeon (1/15)

Altars:

▒........▒........▒ ▒...▒
▒........▒........▒
▒...▒▒▒▒▒▒▒▒▒.................▒
▒.............................▒
▒..............▒▒▒▒▒▒.........▒
▒..............▒▒▒▒▒▒.........▒
...............▒▒.............▒
...............▒▒.▒▒▒▒▒▒▒▒...▒▒
...............g8...........>▒
....▒▒▒▒▒.▒▒▒▒▒▒▒.▒÷▒.....▒▒.▒
▒▒▒..▒ ▒.▒ ▒.▒.▒.▒▒▒▒▒▒▒▒▒▒
...▒.▒ ▒.▒▒▒▒▒▒▒.▒.▒.▒▒.......▒
...▒.▒▒ ▒.▒.......▒.▒.▒▒.▒▒▒▒▒.▒
...▒..▒ ▒.▒.▒▒▒▒▒▒▒.▒.▒▒.▒...▒.▒
...▒▒.▒▒▒.▒.........▒....†...▒.▒
... ▒..▒▒.▒▒▒▒▒▒▒▒▒▒▒▒▒▒.▒...▒.▒
...▒▒▒.▒▒............▒▒▒.▒▒▒▒▒.▒


You could see a hobgoblin (corona).


Message History

You hit the kobold.
The kobold is heavily wounded.
The kobold barely misses you.
You closely miss the kobold.
The kobold is heavily wounded.
The kobold misses you.
You hit the kobold.
The kobold is severely wounded.
The kobold hits you with a +0 short sword.
* * * LOW HITPOINT WARNING * * *
You hit the kobold.
You kill the kobold!
The hobgoblin is outlined in light.
The hobgoblin closely misses you.
You hit the hobgoblin but do no damage. The hobgoblin closely misses you.
You hit the hobgoblin but do no damage. The hobgoblin hits you.
* * * LOW HITPOINT WARNING * * *
You barely miss the hobgoblin. The hobgoblin hits you.
* * * LOW HITPOINT WARNING * * *
You hit the hobgoblin but do no damage. The hobgoblin closely misses you.
You hit the hobgoblin but do no damage. The hobgoblin hits you.
* * * LOW HITPOINT WARNING * * *
You barely miss the hobgoblin. The hobgoblin hits you.
You die...

Action                   || total
-------------------------++-------
Melee: Dagger            ||    55
 Cast: Corona            ||    17
Armor: Robe              ||    13
Dodge: Dodged            ||    28

Levels and vault maps discovered:
D:1:      grunt_arrival_crossed_arrows, layout_basic

Notes
Turn   | Place    | Note
-------+----------+-------------------------------------------
     0 | D:1      | sanka the Gargoyle Enchanter began the quest for the Orb.
     0 | D:1      | Reached XP level 1. HP: 10/10 MP: 3/3
   152 | D:1      | Reached skill level 2 in Dodging
   339 | D:1      | Reached XP level 2. HP: 10/15 MP: 3/5
   918 | D:1      | HP: 1/15 [hobgoblin (3)]
   919 | D:1      | Slain by a hobgoblin

Vanquished Creatures
  A dart slug (D:1)
  An endoplasm (D:1)
  A giant cockroach (D:1)
  A goblin (D:1)
  3 jackals (D:1)
  A kobold (D:1)
  A quokka (D:1)
  A ball python (D:1)
10 creatures vanquished.
